 Dungeon Crawl Stone Soup version 0.27.1-34-g3ba077fa99 (webtiles) character file.

Game seed: 2267687462255246470

91 alasdair19 the Covered (level 4, 0/40 HPs)
             Began as a Minotaur Fighter on Jan 7, 2022.
             Slain by Grinder (3 damage)
             ... on level 3 of the Dungeon.
             The game lasted 00:06:56 (1788 turns).

alasdair19 the Covered (Minotaur Fighter)           Turns: 1788, Time: 00:06:58

Health: 0/40       AC:  7    Str: 20    XL:     4   Next: 34%
Magic:  3/3        EV:  7    Int:  6    God:
Gold:   77         SH:  9    Dex: 10    Spells: 3/3 levels left

rFire    . . .     SeeInvis .   e - +0 long sword
rCold    . . .     Faith    .   c - +0 kite shield
rNeg     . . .     Spirit   .   b - +0 scale mail
rPois    .         Reflect  .   (helmet restricted)
rElec    .         Harm     .   (no cloak)
rCorr    .         Rampage  .   (no gloves)
Will     .....                  (no boots)
Stlth    ..........             (no amulet)
HPRegen  0.13/turn              (no ring)
MPRegen  0.08/turn              (no ring)

@: no status effects
A: horns 2, retaliatory headbutt
a: no special abilities


You were on level 3 of the Dungeon.
You visited 1 branch of the dungeon, and saw 3 of its levels.

You collected 77 gold pieces.

Inventory:

Hand Weapons
 e - a +0 long sword (weapon)
 q - a +1 hunting sling of freezing
Missiles
 a - a throwing net
 f - 56 stones (quivered)
 j - 14 sling bullets
Armour
 b - a +0 scale mail (worn)
 c - a +0 kite shield (worn)
Jewellery
 h - an amulet of magic regeneration
Scrolls
 g - a scroll of acquirement
 k - a scroll of teleportation
 l - a scroll of identify
 n - a scroll of fear {unknown}
Potions
 d - 2 potions of might
 i - 2 potions of resistance
 m - a potion of cancellation {unknown}
 o - a potion of invisibility {unknown}


   Skills:
 + Level 4.1 Fighting
 + Level 3.5 Long Blades
 + Level 1.1 Slings
 + Level 4.4 Armour
 + Level 4.2 Shields


You had 3 spell levels left.
You didn't know any spells.
Your spell library contained the following spells:

 Spells                   Type           Power      Damage    Failure   Level
 Beastly Appendage        Tmut           0%         N/A       99%         1
 Magic Dart               Conj           0%         1d3       99%         1
 Summon Small Mammal      Summ           0%         N/A       99%         1
 Call Imp                 Summ           0%         N/A       100%        2
 Wereblood                Tmut           0%         N/A       100%        2
 Call Canine Familiar     Summ           0%         N/A       100%        3
 Mephitic Cloud           Conj/Pois/Air  0%         N/A       100%        3
 Spider Form              Tmut/Pois      0%         N/A       100%        3
 Summon Guardian Golem    Hex/Summ       0%         N/A       100%        3


Dungeon Overview and Level Annotations

Branches:
Dungeon (3/15)

Altars:

Shops:
D:1 *

Annotations:
D:3 Grinder


Innate Abilities, Weirdness & Mutations

You have a pair of horns on your head.
You reflexively headbutt those who attack you in melee.


Message History

Pain shoots through your body!
Grinder blinks!
Your +1 hunting sling of freezing is covered in frost.
q - a +1 hunting sling of freezing (weapon)
Fire: 17 sling bullets
Press: ? - help, Q - select action, (/) - cycle Shift-Dir - straight line, f/p - Grinder
Aim: Grinder (heavily wounded, 55% to hit)
You shoot a sling bullet.
The sling bullet hits Grinder but does no damage.
Grinder is heavily wounded.
Fire: 16 sling bullets
Press: ? - help, Q - select action, (/) - cycle Shift-Dir - straight line, f/p - Grinder
Aim: Grinder (heavily wounded, 55% to hit)
You shoot a sling bullet. The sling bullet hits Grinder.
Grinder is severely wounded.
Grinder gestures at you. You resist with significant effort.
Grinder gestures at you.
You suddenly lose the ability to move!
Grinder says, "Mostly I couldn't keep them alive."
You can move again.
Fire: 15 sling bullets
Press: ? - help, Q - select action, (/) - cycle Shift-Dir - straight line, f/p - Grinder
Aim: Grinder (severely wounded, 55% to hit)
You shoot a sling bullet.
The sling bullet completely misses Grinder.
Your +1 hunting sling of freezing stops glowing.
e - a +0 long sword (weapon)
Grinder gestures at you. You resist with significant effort.
You hit Grinder.
Grinder is severely wounded.
Grinder hits you. x2; You writhe in agony.
* * * LOW HITPOINT WARNING * * *
You hit Grinder.
Grinder is severely wounded.
Grinder says, "Tell me all your secrets, or I'll kill you."
Grinder hits you.
* * * LOW HITPOINT WARNING * * *
You writhe in agony.
You die...

#.........
#.........
#......... #
#..÷......
#.##.........
#............
####.#+###...
##########...######
#.@.......##....##
#5#.#.###........#
.(.#.#.# #........#
..(....#.#
#........#
.(.(..#(##.#
#........# ......#.
..# #........##
......## ###
#........#. ######
#........#.
#####..÷.....#.


You could see Grinder.

Vanquished Creatures
  An adder (D:2)
  A gnoll (D:1)
  2 worms (D:2)
  4 dart slugs
  5 endoplasms
  2 giant cockroaches
  5 goblins
  3 hobgoblins
  6 jackals
  5 kobolds
  3 quokkas (D:1)
  3 ball pythons (D:1)
  6 bats
  A frilled lizard (D:1)
  10 rats
57 creatures vanquished.

Vanquished Creatures (others)
  4 toadstools (D:1)
4 creatures vanquished.

Grand Total: 61 creatures vanquished

Notes
Turn   | Place    | Note
-------+----------+-------------------------------------------
     0 | D:1      | alasdair19 the Minotaur Fighter began the quest for the
                  | Orb.
     0 | D:1      | Reached XP level 1. HP: 19/19 MP: 0/0
   226 | D:1      | Reached XP level 2. HP: 25/27 MP: 1/1
   286 | D:1      | Found Rana's General Store.
   489 | D:1      | Reached XP level 3. HP: 33/33 MP: 2/2
   654 | D:1      | Found a faded altar of an unknown god.
   833 | D:2      | Identified a scroll of acquirement
   881 | D:2      | You fall into a shaft and drop 1 floor!
   951 | D:2      | Reached skill level 1 in Slings
   951 | D:2      | Reached XP level 4. HP: 26/40 MP: 3/3
  1769 | D:3      | Noticed Grinder
  1776 | D:3      | Paralysed by Grinder for 2 turns
  1782 | D:3      | Paralysed by Grinder for 2 turns
  1788 | D:3      | Slain by Grinder

Illustrated notes

Levels and vault maps discovered:
D:1:      ldierk_walled_garden_2, layout_basic,
          hellmonk_ecumenical_altar_leap_of_faith, serial_shops, shop
D:2:      layout_rooms, minmay_vboxes
D:3:      layout_basic, serial_shops, shop, uniq_grinder

Skill      XL: |  1  2  3 |
---------------+----------+-----
Fighting       | 4 |  4.1
Armour         | 4 |  4.4
Long Blades    | 3 |  3.5
Shields        | 4 |  4.2
Slings         | 1 |  1.1

Action                   |  1- 3 |  4- 6 || total
-------------------------+-------+-------++-------
Melee: Long sword        |    89 |    17 ||   106
       Headbutt          |    10 |     2 ||    12
 Fire: Hunting sling     |     6 |    26 ||    32
  Use: Scroll            |     2 |     2 ||     4
Armor: Scale mail        |    48 |     8 ||    56
Dodge: Dodged            |    41 |     2 ||    43
Block: Kite shield       |    59 |     4 ||    63
       Rpst.: Long sword |     8 |     1 ||     9
